 Dungeon Crawl Stone Soup version 0.21-a0-221-gfe971b9 (webtiles) character file.

413 tidbits the Changer (level 6, 0/52 HPs)
             Began as a Demigod Transmuter on Aug 26, 2017.
             Succumbed to Eustachio's poison
             ... on level 4 of the Dungeon.
             The game lasted 00:10:16 (879 turns).

tidbits the Changer (Demigod Transmuter)             Turns: 879, Time: 00:10:18

Health: 0/52       AC:  8    Str: 13    XL:     6   Next: 32%
Magic:  7/20       EV: 12    Int: 21    God:
Gold:   147        SH:  0    Dex: 16    Spells: 6/9 levels left

rFire    . . .     SeeInvis .   a - +1 hand axe (elec)
rCold    . . .     Gourm    .   (no shield)
rNeg     . . .     Faith    .   B - +0 robe
rPois    .         Spirit   .   (no helmet)
rElec    .         Reflect  .   C - +2 cloak
rCorr    .         Harm     .   G - +0 pair of gloves
MR       .....                  (no boots)
Stlth    +.........             (no amulet)
HPRegen  0.17/turn              U - +2 ring of protection
MPRegen  0.17/turn              r - ring of magical power

@: lethally poisoned (0 -> -6), berserk cooldown, flying, slowed, very slow
A: high mp 1
a: no special abilities


You were on level 4 of the Dungeon.
You were not hungry.

You visited 1 branch of the dungeon, and saw 4 of its levels.

You collected 147 gold pieces.

Inventory:

Hand Weapons
 a - a +1 hand axe of electrocution (weapon)
   (You found it on level 1 of the Dungeon)
 l - a +0 dagger
 s - a +1 short sword of freezing
   (You took it off a kobold on level 2 of the Dungeon)
Missiles
 f - 39 arrows
 h - 61 stones (quivered)
 m - 69 bolts
 n - 36 poisoned needles
Armour
 B - a +0 robe (worn)
 C - a +2 cloak (worn)
 G - a +0 pair of gloves (worn)
Jewellery
 r - a ring of magical power (right hand)
   (You found it on level 4 of the Dungeon)
 U - a +2 ring of protection (left hand)
   (You found it on level 3 of the Dungeon)
Scrolls
 b - 2 scrolls of recharging
 j - a scroll of enchant armour {unknown}
 t - a scroll of immolation {unknown}
 v - a scroll of identify {unknown}
Potions
 k - a potion of brilliance
Books
 c - a book of Changes

   Spells                             Type                      Level
   a - Beastly Appendage              Transmutation                1
   b - Sticks to Snakes               Transmutation                2
   c - Spider Form                    Transmutation/Poison         3
   d - Ice Form                       Ice/Transmutation            4
   e - Blade Hands                    Transmutation                5
Comestibles
 d - 2 bread rations


   Skills:
 + Level 3.9 Fighting
 - Level 1.7 Dodging
 - Level 2.6 Unarmed Combat
 - Level 2.0 Spellcasting
 - Level 5.0 Transmutations


You had 6 spell levels left.
You knew the following spells:

 Your Spells              Type           Power        Failure   Level  Hunger
e - Beastly Appendage     Tmut           ###...       1%          1    #......
k - Sticks to Snakes      Tmut           ###.....     2%          2    ##.....


Dungeon Overview and Level Annotations

Branches:
Dungeon (4/15)
 Temple: D:4-7


Innate Abilities, Weirdness & Mutations

You have an increased reservoir of magic. (+10% MP)


Message History

Eustachio gestures wildly while chanting.
Something hits your ball python.
Your ball python constricts something.
Your adder bites something.
Reactivating autopickup.
Your Fighting skill gained 2 levels and is now at level 2!
You feel a bit more experienced.
Your adder looks stronger.
You feel a strong urge to attack something.
Eustachio closely misses you.
There is an open door, spattered with blood here.
Things that are here:
an antimagic scythe; a robe; a purple potion You hit Eustachio.
Eustachio is lightly wounded.
Something barely misses your adder.
Eustachio casts a spell.
You barely miss Eustachio.
Eustachio is lightly wounded.
Eustachio hits you but does no damage.
You are poisoned.
You slash Eustachio!
Eustachio is moderately wounded.
You feel sick. Something hits your ball python.
You closely miss Eustachio.
Eustachio is moderately wounded.
You feel sick.
Eustachio hits you with a rapier of venom.
* * * LOW HITPOINT WARNING * * *
You are more poisoned.
You closely miss Eustachio.
Eustachio is moderately wounded.
Something closely misses your ball python.
Eustachio hits you but does no damage.
You are lethally poisoned!
Something hits your adder.
You slash Eustachio!
Eustachio is severely wounded.
* * * LOW HITPOINT WARNING * * *
You feel sick. Something barely misses your adder.
The bat barely misses your adder.
Eustachio mumbles some strange words.
You slash Eustachio! Lightning courses through Eustachio!
You kill Eustachio!
The bat disappears in a puff of smoke!
The quokka disappears in a puff of smoke!
The quasit disappears in a puff of smoke!
Your Fighting skill increases to level 3!
You have reached level 6!
Your experience leads to a dramatic increase in your attributes!
Your base attributes are Str 13, Int 19, Dex 16.
Increase (S)trength, (I)ntelligence, or (D)exterity?
You feel clever. x2
You feel sick.
Unknown command.
You are too berserk!
You feel sick.
g - a purple potion
Things that are here:
a rapier of venom; a leather armour; the human corpse of Eustachio You are no longer berserk.
You are exhausted.
You feel yourself slow down.
* * * LOW HITPOINT WARNING * * *
You feel sick.
Okay, then.
Put on which piece of jewellery? (? for menu, Esc to quit)
Okay, then.
Unknown command.
It was a potion of flight.
You feel very buoyant.
You fly up into the air.
* * * LOW HITPOINT WARNING * * *
You feel sick.
As you read the scroll labeled ABUIJI ZEWYMN, it crumbles to dust.
You hear a loud clanging noise!
It was a scroll of noise.
* * * LOW HITPOINT WARNING * * *
You feel sick.
You hear an angry hiss.
You hear a shout! x2; You hear an angry hiss.
As you read the scroll labeled LILIMAYMOSS, it crumbles to dust.
You assume a fearsome visage.
Nothing appears to happen.
It was a scroll of fear.
* * * LOW HITPOINT WARNING * * *
You feel sick.
You swap places.
* * * LOW HITPOINT WARNING * * *
You feel sick.
Your adder withers and dies!
There is an open door here.
As you read the scroll labeled PEFI GA GAPAA, it crumbles to dust.
You feel as if something is helping you.
It was a scroll of remove curse.
* * * LOW HITPOINT WARNING * * *
You feel sick.
* * * LOW HITPOINT WARNING * * *
You feel sick.
Your ball python withers and dies!
* * * LOW HITPOINT WARNING * * *
You feel sick.
You die...

#......# #..............
#......####.#...######...
#...........#...# ...
####)#......+.....
#)#......#####..
#.S.S........+[.
###SS........#
##..........#
#...@.......#
#...........#
#...........# .
#...........# ...
#...........##....
#..............<..
#.................
#.................
########..........


You could see 2 friendly adders and 2 friendly ball pythons.

Vanquished Creatures
  Eustachio (D:4)
  Natasha (D:4)
  A worm (D:2)
  A leopard gecko (D:2)
  A bat (D:3)
  4 goblins
  3 jackals (D:1)
  4 kobolds
  4 rats
20 creatures vanquished.

Vanquished Creatures (collateral kills)
  Grinder (D:4)
  Sigmund (D:4)
  2 adders
  2 worms
  A goblin (D:2)
  A kobold (D:2)
  A rat (D:2)
9 creatures vanquished.

Grand Total: 29 creatures vanquished

Notes
Turn   | Place    | Note
-------+----------+-------------------------------------------
     0 | D:1      | tidbits the Demigod Transmuter began the quest for the Orb.
     0 | D:1      | Reached XP level 1. HP: 15/15 MP: 5/5
    69 | D:1      | Reached skill level 2 in Spellcasting
   135 | D:1      | Reached skill level 2 in Transmutations
   378 | D:2      | Reached XP level 2. HP: 19/22 MP: 5/7
   382 | D:2      | Learned a level 2 spell: Sticks to Snakes
   385 | D:2      | Found a glowing golden altar of the Shining One.
   585 | D:3      | Reached skill level 3 in Transmutations
   634 | D:2      | Reached XP level 3. HP: 21/27 MP: 5/8
   640 | D:2      | Found a sacrificial altar of Ru.
   780 | D:4      | Noticed Grinder
   790 | D:4      | Noticed Natasha
   810 | D:4      | Paralysed by Grinder for 4 turns
   812 | D:4      | Killed Grinder
   812 | D:4      | Reached skill level 4 in Transmutations
   812 | D:4      | Reached XP level 4. HP: 33/34 MP: 9/9
   815 | D:4      | Killed Natasha
   815 | D:4      | Reached skill level 5 in Transmutations
   815 | D:4      | Reached XP level 5. HP: 35/39 MP: 10/10
   836 | D:4      | Noticed Sigmund
   858 | D:4      | Noticed Eustachio
   861 | D:4      | Killed Sigmund
   861 | D:4      | Reached skill level 2 in Fighting
   869 | D:4      | Killed Eustachio
   869 | D:4      | Reached skill level 3 in Fighting
   869 | D:4      | Reached XP level 6. HP: 20/52 MP: 5/11
   875 | D:4      | HP: 4/52 [poisoned by Eustachio]
   878 | D:4      | HP: 1/52 [poisoned by Eustachio]
   879 | D:4      | Succumbed to Eustachio's poison

Vault maps used:
D:1:      minmay_arrival_nine_rooms, minmay_misc_feat_square
D:2:      lemuel_round_altar, tso_oasis_becter, lightli_corner_chamber,
          uniq_crazy_yiuf_cottage
D:3:      lemuel_round_altar
D:4:      nicolae_dithmenos_the_darkroom, gammafunk_temple_overflow_statue,
          kennysheep_nondescript, uniq_eustachio, uniq_sigmund, uniq_natasha,
          uniq_grinder

Skill      XL: |  1  2  3  4  5 |
---------------+----------------+-----
Spellcasting   | 2 |  2.0
Transmutations | 2 3 4 5 |  5.0
Fighting       | 3 |  3.9
Dodging        | |  1.7
Unarmed Combat | |  2.6

Action                   |  1- 3 |  4- 6 || total
-------------------------+-------+-------++-------
Melee: Dagger            |    12 |       ||    12
       Hand axe          |    43 |    12 ||    55
       Kick              |     5 |       ||     5
       Headbutt          |     3 |       ||     3
 Cast: Beastly Appendage |    13 |       ||    13
       Sticks to Snakes  |     9 |     4 ||    13
  Use: Potion            |     2 |     3 ||     5
       Scroll            |     1 |     3 ||     4
  Eat: Royal jelly       |       |     1 ||     1
Armor: Robe              |    10 |     2 ||    12
       Skin              |    15 |     5 ||    20
Dodge: Dodged            |    29 |     3 ||    32

Table legend:
 A = Spawn XP
 B = Non-spawn XP
 C = Spawn XP percentage of total XP
 D = Spawn monster count
 E = Non-spawn monster count
 F = Spawn count percentage of total count
 G = Total turns spent on level
                    A         B        C        D         E        F      G
               +---------+---------+-------+---------+---------+-------+---------
         Total |       0 |     590 |   0.0 |       0 |      29 |   0.0 |   879
               +---------+---------+-------+---------+---------+-------+---------
           D:1 |       0 |      12 |   0.0 |       0 |       7 |   0.0 |   367
           D:2 |       0 |      32 |   0.0 |       0 |      14 |   0.0 |   294
           D:3 |       0 |       8 |   0.0 |       0 |       3 |   0.0 |    73
           D:4 |       0 |     538 |   0.0 |       0 |       5 |   0.0 |   145
               +---------+---------+-------+---------+---------+-------+---------

Table legend:
 A = Turns spent in this place as a percentage of turns spent in the entire game.
 B = Non-inter-level travel turns spent in this place as a percentage of non-inter-level travel turns spent in the entire game.
 C = Inter-level travel turns spent in this place as a percentage of turns spent in this place.
 D = Turns resting spent in this place as a percentage of non-inter-level travel turns spent in this place.
 E = Turns spent auto-exploring this place as a percentage of non-inter-level travel turns spent in this place.
 F = Non-inter-level travel turns spent in this place divided by the number of levels of this place that you've seen.
                   A       B       C       D       E      F
               +-------+-------+-------+-------+-------+----------------------
         Total | 100.0 | 100.0 |   0.0 |   0.0 |   0.0 | 219.8
       Dungeon | 100.0 | 100.0 |   0.0 |   0.0 |   0.0 | 219.8
               +-------+-------+-------+-------+-------+----------------------

Table legend:
 A = Kills in this place as a percentage of kills in entire the game.
 B = Kills by you in this place as a percentage of kills by you in the entire game.
 C = Kills by friends in this place as a percentage of kills by friends in the entire game.
 D = Other kills in this place as a percentage of other kills in the entire game.
 E = Experience gained in this place as a percentage of experience gained in the entire game.
 F = Experience gained in this place divided by the number of levels of this place that you have seen.
                   A       B       C       D       E      F
               +-------+-------+-------+-------+-------+----------------------
         Total | 100.0 | 100.0 | 100.0 |   N/A | 100.0 | 147.5
       Dungeon | 100.0 | 100.0 | 100.0 |   N/A | 100.0 | 147.5
               +-------+-------+-------+-------+-------+----------------------

Vault maps used:
D:1:      minmay_arrival_nine_rooms, minmay_misc_feat_square
D:2:      lemuel_round_altar, tso_oasis_becter, lightli_corner_chamber,
          uniq_crazy_yiuf_cottage
D:3:      lemuel_round_altar
D:4:      nicolae_dithmenos_the_darkroom, gammafunk_temple_overflow_statue,
          kennysheep_nondescript, uniq_eustachio, uniq_sigmund, uniq_natasha,
          uniq_grinder
